 Dungeon Crawl Stone Soup version 0.30-a0-930-gb9d0489357 (webtiles) character file.

Game seed: 2199601910389659113

3755 freelancePsychic the Transmogrifier (level 9, 0/71 HPs)
             Began as a Demonspawn Earth Elementalist on Mar 24, 2023.
             Was a Believer of Cheibriados.
             Killed from afar by an electric eel (12 damage)
             ... with a bolt of electricity
             ... in a bailey.
             The game lasted 00:14:09 (7675 turns).

freelancePsychic the Transmogrifier (DsEE)          Turns: 7675, Time: 00:14:09

Health: 0/71       AC:  4    Str: 14    XL:     9   Next: 94%
Magic:  12/13      EV: 12    Int: 25    God:    Cheibriados [**....]
Gold:   314        SH:  5    Dex: 19    Spells: 9/14 levels left

rFire   . . .      SeeInvis .    u - +3 dagger (drain)
rCold   + . .      Faith    .    (no shield)
rNeg    + . .      Spirit   .    C - +1 leather armour
rPois   .          Reflect  +    y - +0 hat
rElec   .          Rampage  .    (no cloak)
rCorr   .                        (no gloves)
Will    .....                    (no boots)
Stlth   ++                       x - amulet of reflection
HPRegen 0.31/turn                g - ring of protection from cold
MPRegen 0.26/turn                i - ring of positive energy

@: very slow
A: horns 2, magic regeneration, demonic magic 1, weakness stinger 1, demonic
touch 1
a: Renounce Religion, Bend Time


You were in a bailey.
You worshipped Cheibriados.
Cheibriados was pleased with you.
You visited 1 branch of the dungeon, and saw 7 of its levels.
You also visited: Bailey.

You collected 314 gold pieces.

Inventory:

Hand Weapons
 c - a +1 vampiric whip
 u - a +3 dagger of draining (weapon)
Armour
 a - a +0 robe
 y - a +0 hat (worn)
 C - a +1 leather armour (worn)
Magical Staves
 l - a staff of fire
Jewellery
 g - a ring of protection from cold (left hand)
 i - a ring of positive energy (right hand)
 x - an amulet of reflection (around neck)
 F - an amulet of magic regeneration
Wands
 e - a wand of mindburst (16)
 k - a wand of light (22)
 v - a wand of flame (16)
 H - a wand of paralysis (10)
Scrolls
 h - a scroll of amnesia
 j - 3 scrolls of enchant armour
 q - a scroll of immolation
 s - 2 scrolls of teleportation {@r4}
 t - a scroll of brand weapon
 z - a scroll of fog
 G - a scroll of fear
 I - a scroll of blinking {unknown}
Potions
 b - 3 potions of magic
 d - 2 potions of lignification
 f - a potion of attraction {unknown}
 m - a potion of cancellation
 n - 2 potions of resistance
 o - 2 potions of mutation
 p - 4 potions of curing {unknown}
 r - a potion of invisibility {unknown}
 w - a potion of degeneration {unknown}
 A - a potion of berserk rage {unknown}
 B - a potion of heal wounds {unknown}
 D - a potion of might {unknown}
 E - a potion of brilliance {unknown}


   Skills:
 + Level 6.9 Fighting
 - Level 3.0 Short Blades
 - Level 1.7 Dodging
 - Level 3.0 Stealth
 - Level 3.0 Spellcasting
 * Level 8.6 Transmutations
 - Level 6.0 Earth Magic
 + Level 3.6 Invocations


You had 9 spell levels left.
You knew the following spells:

 Your Spells              Type           Power      Damage    Failure   Level
a - Sandblast             Erth           66%        2d15      1%          1
b - Petrify               Tmut/Erth      40%        N/A       6%          4

Your spell library contained the following spells:

 Spells                   Type           Power      Damage    Failure   Level
 Passwall                 Tmut/Erth      33%        N/A       1%          2
 Stone Arrow              Conj/Erth      36%        3d9       11%         3
 Necrotise                Necr           12%        1d4       13%         1
 Blink                    Tloc           6%         N/A       19%         2
 Lesser Beckoning         Tloc           6%         N/A       19%         2
 Momentum Strike          Conj/Tloc      6%         3d8       19%         2
 Vampiric Draining        Necr           3%         2d6       36%         3
 Summon Lightning Spire   Summ/Air       3%         N/A       77%         4
 Agony                    Necr           3%         N/A       98%         5
 Storm Form               Tmut/Air       12%        N/A       100%        7
 Maxwell's Capacitive Co  Air            1%         ∞         100%        8


Dungeon Overview and Level Annotations

Branches:
Dungeon (7/15)             Bailey (1/1)
 Temple: D:4-7

Altars:
Cheibriados
Uskayaw
Vehumet

Shops:
D:7 *


Innate Abilities, Weirdness & Mutations

You have a pair of horns on your head.
You regenerate magic rapidly.
Spells you cast may paralyse adjacent enemies.
You have a small tail.
Your touch may inflict minor irresistible damage on your foes.


Message History

Items here: )))))) [[[[[[ †††.
There is an open door here.
You open the door.
An electric eel comes into view.
An electric eel is nearby!
No reachable target in view!
The electric eel shoots out a bolt of lightning at you!
The bolt of electricity hits you!
There is an open door here.
Casting: Petrify (dangerous; 6% risk of failure)
Confirm with . or Enter, or press ? or * to list all spells.
Aiming: Sandblast (safe; 1% risk of failure)
Press: ? - help, Shift-Dir - straight line, f - electric eel
Aim: an electric eel (water, 73% to hit)
The blast of sand misses the electric eel.
Malevolent energies surge around you.
The electric eel shoots out a bolt of lightning at you!
The bolt of electricity hits you!
An electric eel comes into view.
The electric eel shoots out a bolt of lightning at you!
The bolt of electricity hits you!
Casting: Sandblast (safe; 1% risk of failure)
Confirm with . or Enter, or press ? or * to list all spells.
Aiming: Sandblast (safe; 1% risk of failure)
Press: ? - help, Shift-Dir - straight line, f/p - electric eel
Aim: an electric eel (73% to hit)
The blast of sand hits the electric eel!
The electric eel is almost dead.
Malevolent energies surge around you.
The electric eel suddenly stops moving!
The electric eel shoots out a bolt of lightning at you!
The bolt of electricity hits you.
The electric eel is no longer paralysed.
The electric eel shoots out a bolt of lightning at you!
The bolt of electricity hits you!
The electric eel shoots out a bolt of lightning at you!
The bolt of electricity hits you!
* * * LOW HITPOINT WARNING * * *
The electric eel shoots out a bolt of lightning at you!
The bolt of electricity hits you!
You die...

≈≈≈≈≈≈~.#.8#
≈≈≈≈≈≈~.#).#
≈≈≈≈≈≈~.##)#
≈≈≈≈≈≈~.#..#
S≈≈≈≈≈~.#..#
≈≈≈≈≈≈~.#..#
≈≈≈≈≈≈S.#..#
≈≈≈≈≈≈~.#..#
≈≈≈≈≈≈#@#'##
≈≈≈≈≈ #....#
≈≈≈≈ #..).#
≈≈≈ ###.)#
≈≈
+.......o∩ ≈
####~~~~~~
≈≈≈≈≈≈ ≈≈≈≈≈
≈≈≈≈≈


You could see 2 electric eels.

Vanquished Creatures
  An orc knight (Bailey)
  Pikel (D:4)
  3 ice beasts
  9 orc warriors (Bailey)
  3 black bears
  2 sky beasts (D:6)
  An ogre (D:7)
  A lemure (D:4)
  A phantom (D:4)
  A kobold brigand (D:7)
  2 scorpions
  5 wights (D:6)
  A howler monkey (D:5)
  2 orc priests
  A gnoll bouda (D:6)
  4 iguanas
  3 sleepcaps (D:6)
  Terence (D:2)
  Natasha (twice) (D:2)
  4 orc wizards
  Robin (D:3)
  4 adders
  4 gnolls
  A shadow imp (D:4)
  An ufetubus (D:4)
  A worm (D:2)
  3 dart slugs
  20 orcs
  6 bats
  2 endoplasms
  4 giant cockroaches
  15 goblins
  11 hobgoblins
  11 kobolds
  3 quokkas
  5 ball pythons
  2 frilled lizards
  2 rats
144 creatures vanquished.

Notes
Turn   | Place    | Note
-------+----------+-------------------------------------------
     0 | D:1      | freelancePsychic the Demonspawn Earth Elementalist began
                  | the quest for the Orb.
     0 | D:1      | Reached XP level 1. HP: 13/13 MP: 3/3
   383 | D:1      | Gained mutation: Spells you cast may paralyse adjacent
                  | enemies. [demonic ancestry]
   383 | D:1      | Reached XP level 2. HP: 19/19 MP: 3/5
  1158 | D:2      | Reached skill level 1 in Short Blades
  1158 | D:2      | Discovered your monstrous ancestry.
  1158 | D:2      | Gained mutation: You have a pair of small horns on your
                  | head. [demonic ancestry]
  1158 | D:2      | Reached XP level 3. HP: 19/24 MP: 3/6
  1409 | D:2      | Noticed Natasha
  1418 | D:2      | Killed Natasha
  1683 | D:2      | Noticed Natasha
  1799 | D:2      | Gained mutation: You have a pair of horns on your head.
                  | [demonic ancestry]
  1799 | D:2      | Reached XP level 4. HP: 30/30 MP: 5/7
  1978 | D:3      | Noticed Robin
  2016 | D:2      | Noticed Terence
  2648 | D:3      | Killed Robin
  2649 | D:3      | Reached skill level 1 in Fighting
  2681 | D:3      | Gained mutation: Your touch may inflict minor irresistible
                  | damage on your foes. [demonic ancestry]
  2681 | D:3      | Reached XP level 5. HP: 37/37 MP: 6/8
  3118 | D:3      | Found a faded altar of an unknown god.
  3216 | D:3      | Prayed at the altar of an unknown god.
  3216 | D:3      | Became a worshipper of Cheibriados the Contemplative
  3216 | D:3      | Reached * piety under Cheibriados
  3743 | D:2      | Killed Natasha
  3744 | D:2      | Reached skill level 1 in Transmutations
  4251 | D:4      | Noticed a phantom
  4253 | D:4      | Noticed a black bear
  4260 | D:4      | Killed a phantom
  4261 | D:4      | Gained mutation: You regenerate magic rapidly. [demonic
                  | ancestry]
  4261 | D:4      | Reached XP level 6. HP: 15/44 MP: 5/10
  4262 | D:4      | Reached skill level 2 in Transmutations
  4448 | D:5      | Entered Level 5 of the Dungeon
  4448 | D:5      | Noticed Pikel
  4559 | D:4      | Learned a level 4 spell: Petrify
  4602 | D:4      | Reached skill level 3 in Transmutations
  4816 | D:5      | Reached XP level 7. HP: 35/52 MP: 11/11
  4870 | D:4      | Killed Pikel
  4871 | D:4      | Reached skill level 4 in Transmutations
  5015 | D:5      | Reached XP level 8. HP: 60/60 MP: 12/12
  5075 | D:5      | Reached skill level 5 in Transmutations
  5246 | D:5      | Found a radiant altar of Vehumet.
  5975 | D:6      | Found a hide-covered altar of Uskayaw.
  6165 | D:6      | Reached skill level 5 in Fighting
  6165 | D:6      | Reached skill level 5 in Earth Magic
  6228 | D:6      | Reached skill level 6 in Transmutations
  6351 | D:6      | Reached ** piety under Cheibriados
  6397 | D:6      | Gained mutation: You have a small tail. [demonic ancestry]
  6397 | D:6      | Reached XP level 9. HP: 68/68 MP: 11/13
  6912 | D:2      | Killed Terence
  7167 | D:7      | Found Zutub's Overcharged Wands.
  7170 | D:7      | Reached skill level 7 in Transmutations
  7232 | D:7      | Found a flagged portal.
  7253 | Bailey   | Entered a bailey
  7451 | Bailey   | Reached skill level 1 in Invocations
  7511 | Bailey   | Noticed an orc knight
  7519 | Bailey   | Killed an orc knight
  7520 | Bailey   | Reached skill level 8 in Transmutations
  7675 | Bailey   | Killed from afar by an electric eel

Illustrated notes

Levels and vault maps discovered:
D:1:      minmay_arrival_four_loops, layout_basic
D:2:      layout_loops_ring, basic_altar, uniq_natasha, uniq_terence
D:3:      layout_loops_ring, hellmonk_ecumenical_altar_leap_of_faith,
          minmay_bisected, uniq_robin
D:4:      layout_gridville
D:5:      layout_rooms, mainiacjoe_overflow_concentric_impassable, uniq_pikel
D:6:      layout_loops_corners, nicolae_uskayaw_dance_hall, hellmonk_no_cap
D:7:      minmay_chambers_of_sixes, layout_cave_pools,
          kennysheep_orc_sif_temple, minmay_temple_entry_hall, enter_bailey_6,
          nicolae_shop_overcharged_wands
Bailey:   bailey_axe_of_yendor_kennysheep, bailey

Skill      XL: |  1  2  3  4  5  6  7  8  9 |
---------------+----------------------------+-----
Stealth        | 2 3 |  3.0
Earth Magic    | 3 4 5 6 |  6.0
Short Blades   | 1 2 3 |  3.0
Fighting       | 1 3 4 5 6 |  6.9
Transmutations | 1 3 4 6 8 |  8.6
Spellcasting   | 3 |  3.0
Invocations    | 3 |  3.6
Dodging        | |  1.7

Action                     |  1- 3 |  4- 6 |  7- 9 || total
---------------------------+-------+-------+-------++-------
  Melee: Unarmed           |     1 |       |       ||     1
         Dagger            |    22 |    47 |   116 ||   185
         Headbutt          |     5 |     3 |    26 ||    34
         Touch             |       |     4 |    19 ||    23
         Tailslap          |       |       |    13 ||    13
         Punch             |       |       |     1 ||     1
   Cast: Sandblast         |    42 |    56 |    37 ||   135
         Petrify           |       |       |    20 ||    20
    Use: Scroll            |       |     6 |     9 ||    15
         Potion            |       |     1 |       ||     1
   Stab: Paralysed         |     6 |    17 |    39 ||    62
         Sleeping          |     3 |     2 |     5 ||    10
         Petrifying        |       |       |     5 ||     5
         Petrified         |       |       |     1 ||     1
 Armour: Robe              |     2 |    12 |       ||    14
         Leather armour    |       |     7 |    21 ||    28
         Skin              |       |    10 |       ||    10
  Dodge: Dodged            |    21 |    64 |    66 ||   151
  Block: Other             |       |    16 |    31 ||    47
         Reflection        |       |       |     1 ||     1

Table legend: (Time is in decaauts)
 A = Elapsed time spent in this place.
 B = Non-inter-level travel time spent in this place.
 C = Inter-level travel time spent in this place.
 D = Time resting spent in this place.
 E = Time spent auto-exploring this place.
 F = Levels seen in this place.
 G = Mean time per level.
                   A        B        C        D        E       F      G
               +--------+--------+--------+--------+--------+-----+--------+
         Total |   8842 |   7894 |    948 |    463 |   6057 |   8 | 1105.2 |
       Dungeon |   8387 |   7439 |    948 |    463 |   5717 |   7 | 1198.1 |
        Bailey |    455 |    455 |      0 |      0 |    340 |   1 |  455.0 |
               +--------+--------+--------+--------+--------+-----+--------+

Top non-repeatable levels by time:
     D:2: 1764 daAuts
     D:6: 1660 daAuts
     D:4: 1416 daAuts
     D:3: 1167 daAuts
     D:1: 1110 daAuts
     D:5: 994 daAuts
  Bailey: 455 daAuts
     D:7: 273 daAuts
